 Dungeon Crawl Stone Soup version 0.29-a0-330-g52719c12eb (webtiles) character file.

Game seed: 15260636209413708978

46 Flugslaktarn the Stinger (level 3, -1/24 HPs)
             Began as a Human Venom Mage on Apr 13, 2022.
             Was a Follower of Uskayaw.
             Killed from afar by Sigmund (3 damage)
             ... with a puff of flame
             ... on level 2 of the Dungeon.
             The game lasted 00:02:56 (580 turns).

Flugslaktarn the Stinger (Human Venom Mage)          Turns: 580, Time: 00:02:57

Health: -1/24      AC:  3    Str:  8    XL:     3   Next: 95%
Magic:  1/6        EV: 12    Int: 17    God:    Uskayaw [*.....]
Gold:   33         SH:  0    Dex: 13    Spells: 3/6 levels left

rFire   . . .      SeeInvis .   c - +1 dagger (speed)
rCold   . . .      Faith    .   (no shield)
rNeg    . . .      Spirit   .   a - +0 robe
rPois   .          Reflect  .   d - +0 helmet
rElec   .          Harm     .   (no cloak)
rCorr   .          Rampage  .   (no gloves)
Will    .....                   (no boots)
Stlth   ++........              (no amulet)
HPRegen 0.08/turn               (no ring)
MPRegen 0.10/turn               (no ring)

@: no status effects
A: no striking features
a: Renounce Religion, Stomp


You were on level 2 of the Dungeon.
You worshipped Uskayaw.
Uskayaw was noncommittal.
You visited 1 branch of the dungeon, and saw 2 of its levels.

You collected 33 gold pieces.

Inventory:

Hand Weapons
 c - a +1 dagger of speed (weapon)
   (You found it on level 2 of the Dungeon)
 e - a +0 dagger
   (You took it off a goblin on level 1 of the Dungeon)
Missiles
 f - 2 javelins
 h - 16 stones
Armour
 a - a +0 robe (worn)
 d - a +0 helmet (worn)
   (You found it on level 1 of the Dungeon)
Scrolls
 i - a scroll of fear
 j - a scroll of vulnerability
 z - a scroll of blinking


   Skills:
 - Level 2.0 Dodging
 - Level 2.0 Stealth
 + Level 2.3 Spellcasting
 - Level 2.0 Transmutations
 * Level 1.6 Air Magic
 + Level 3.3 Poison Magic


You had 3 spell levels left.
You knew the following spells:

 Your Spells              Type           Power      Damage    Failure   Level
a - Sting                 Tmut/Pois      44%        1d5       6%          1
b - Poisonous Vapours     Pois/Air       20%        N/A       11%         2

Your spell library contained the following spells:

 Spells                   Type           Power      Damage    Failure   Level
 Blink                    Tloc           4%         N/A       28%         2
 Mephitic Cloud           Conj/Pois/Air  7%         N/A       28%         3
 Lesser Beckoning         Tloc           2%         N/A       50%         3
 Olgreb's Toxic Radiance  Pois           13%        N/A       43%         4
 Manifold Assault         Tloc           2%         N/A       99%         5


Dungeon Overview and Level Annotations

Branches:
Dungeon (2/15)

Altars:
Uskayaw

Annotations:
D:2 Sigmund


Message History

Aiming: Sting (safe; 6% risk of failure)
Press: ? - help, Shift-Dir - straight line, f/p - dart slug
Aim: a dart slug (100% to hit)
The sting hits the dart slug.
The dart slug is poisoned.
The dart slug is moderately wounded.
The dart slug bites you.
* * * LOW HITPOINT WARNING * * *
You hit the dart slug.
The dart slug is heavily wounded.
You hit the dart slug.
You kill the dart slug!
Your magical contamination has completely faded away.
Magic restored.
A hobgoblin comes into view.
The hobgoblin shouts!
Casting: Sting (safe; 6% risk of failure)
Confirm with . or Enter, or press ? or * to list all spells.
Aiming: Sting (safe; 6% risk of failure)
Press: ? - help, Shift-Dir - straight line, f - hobgoblin
Aim: a hobgoblin (71% to hit)
The sting hits the hobgoblin.
The hobgoblin is poisoned.
The hobgoblin is almost dead.
You kill the hobgoblin!
Found a scroll of identify.
r - a scroll of identify
As you read the scroll of identify, it crumbles to dust.
j - a scroll of vulnerability You see here a frilled lizard skeleton.
There is a stone staircase leading down here.
You climb downwards.
There is a stone staircase leading up here.
You open the door.
There is an open door here.
Found a glowing dagger.
You open the door.
Found 11 gold pieces.
You see here a +1 dagger of speed.
Your hands tingle!
c - a +1 dagger of speed (weapon)
You open the door.
There is an open door here.
There is an open door here.
You now have 33 gold pieces (gained 11).
Sigmund the Dreaded comes into view.
He is wielding a +3 vorpal scythe.
A goblin comes into view. It is wielding a +0 club.
Found a helmet and a scroll of fear.
Found a stone staircase leading down.
Sigmund shouts!
Sigmund points at you and mumbles some strange words.
The magic dart hits you. The goblin attacks as you move away!
The goblin hits you with a +0 club.
* * * LOW HITPOINT WARNING * * *
Casting: Sting (safe; 6% risk of failure)
Confirm with . or Enter, or press ? or * to list all spells.
Aiming: Sting (safe; 6% risk of failure)
Press: ? - help, Shift-Dir - straight line, f - goblin
Aim: a goblin, wielding a +0 club (64% to hit)
The sting hits the goblin.
The goblin is poisoned.
The goblin is moderately wounded.
The goblin hits you with a +0 club.
* * * LOW HITPOINT WARNING * * *
Magic courses through your body.
You kill the goblin!
Sigmund completely misses you.
Casting: Sting (safe; 6% risk of failure)
Confirm with . or Enter, or press ? or * to list all spells.
Aiming: Poisonous Vapours (safe; 11% risk of failure)
Press: ? - help, Dir - move target, f - Sigmund
Aim: Sigmund, wielding a +3 vorpal scythe and wearing a +0 robe You miscast Poisonous Vapours.
You are very lightly contaminated with residual magic.
Nothing appears to happen.
Casting: Poisonous Vapours (safe; 11% risk of failure)
Confirm with . or Enter, or press ? or * to list all spells.
Aiming: Poisonous Vapours (safe; 11% risk of failure)
Press: ? - help, Dir - move target, f/p - Sigmund
Aim: Sigmund, wielding a +3 vorpal scythe and wearing a +0 robe Poisonous vapours surround Sigmund!
Sigmund is poisoned.
Sigmund gestures at you while chanting. You resist with significant effort.
Casting: Poisonous Vapours (safe; 11% risk of failure)
Confirm with . or Enter, or press ? or * to list all spells.
Aiming: Poisonous Vapours (safe; 11% risk of failure)
Press: ? - help, Dir - move target, f/p - Sigmund
Aim: Sigmund, wielding a +3 vorpal scythe and wearing a +0 robe (lightly wounded, poisoned) Poisonous vapours surround Sigmund!
Sigmund looks even sicker.
Sigmund closely misses you.
Casting: Poisonous Vapours (safe; 11% risk of failure)
Confirm with . or Enter, or press ? or * to list all spells.
You don't have enough magic to cast this spell.
Unknown command.
Sigmund casts a spell.
Sigmund flickers and vanishes!
Deactivating autopickup; reactivate with Ctrl-A.
Your magical contamination has completely faded away.
A puff of flame appears from out of thin air!
The puff of flame hits you.
* * * LOW HITPOINT WARNING * * *
A puff of flame appears from out of thin air!
The puff of flame hits you.
You die...

##.......## # #
#.........##.#...#
'.........'.......
#.........##......
##.......## ##..#
##.....## #.#
##...## #.# ##'##
#.# #.# #@# #.#
#.# #####.### #.#
........# #.#
##......# #.#
#......# #{#
#......########.#
#.......)..{....#
#......##########


There were no monsters in sight!

Vanquished Creatures
  A worm (D:2)
  3 dart slugs
  An endoplasm (D:1)
  4 goblins
  3 hobgoblins (D:1)
  6 jackals
  3 kobolds
  2 quokkas (D:1)
  3 ball pythons
  A bat (D:2)
  4 frilled lizards (D:1)
  4 rats (D:1)
35 creatures vanquished.

Notes
Turn   | Place    | Note
-------+----------+-------------------------------------------
     0 | D:1      | Flugslaktarn the Human Venom Mage began the quest for the
                  | Orb.
     0 | D:1      | Reached XP level 1. HP: 13/13 MP: 3/3
    21 | D:1      | Found a faded altar of an unknown god.
    31 | D:1      | Prayed at the altar of an unknown god.
    31 | D:1      | Became a worshipper of Uskayaw the Reveller
    31 | D:1      | Reached * piety under Uskayaw
    34 | D:1      | Reached ** piety under Uskayaw
    59 | D:1      | Reached XP level 2. HP: 16/19 MP: 0/5
   121 | D:1      | Learned a level 2 spell: Poisonous Vapours
   205 | D:2      | Reached XP level 3. HP: 14/24 MP: 0/6
   217 | D:2      | Reached *** piety under Uskayaw
   218 | D:2      | Reached skill level 1 in Air Magic
   556 | D:2      | Noticed Sigmund
   580 | D:2      | Killed from afar by Sigmund

Illustrated notes

Levels and vault maps discovered:
D:1:      elethiomel_arrival_shortcut, layout_loops_ring,
          shapermc_ecumenical_altar_starsandcircs
D:2:      layout_loops_corners, grunt_ministairs_7, minmay_diced_spiral,
          uniq_sigmund, uniq_natasha

Skill      XL: |  1  2  3 |
---------------+----------+-----
Transmutations | 2 |  2.0
Air Magic      | 1 |  1.6
Dodging        | |  2.0
Stealth        | |  2.0
Spellcasting   | |  2.3
Poison Magic   | |  3.3

Action                   || total
-------------------------++-------
Melee: Unarmed           ||     7
       Dagger            ||    66
       Punch             ||     2
 Cast: Sting             ||    37
       Poisonous Vapours ||     2
  Use: Scroll            ||     3
       Potion            ||     2
Armor: Robe              ||    18
Dodge: Dodged            ||    63

Table legend: (Time is in decaauts)
 A = Elapsed time spent in this place.
 B = Non-inter-level travel time spent in this place.
 C = Inter-level travel time spent in this place.
 D = Time resting spent in this place.
 E = Time spent auto-exploring this place.
 F = Levels seen in this place.
 G = Mean time per level.
                   A        B        C        D        E       F      G
               +--------+--------+--------+--------+--------+-----+--------+
         Total |    583 |    567 |     16 |      0 |      0 |   2 |  291.5 |
       Dungeon |    583 |    567 |     16 |      0 |      0 |   2 |  291.5 |
               +--------+--------+--------+--------+--------+-----+--------+

Top non-repeatable levels by time:
     D:1: 416 daAuts
     D:2: 166 daAuts
